Map: Frostline LE

Players

David (iPlayDefense)

  • Race: Terran Terran
  • Spawn Location: 1:00

VOD

Have the link to the VOD?

Description

Time

  • Played on: April 10, 2025, 3:34 p.m.
  • Length: 12:14
Show
View Real Time Build Order
Export as new Build Order

David Terran 

Build Orders:  

Get SALT Encoding   

  12  0:01  SCV  
  13  0:22  Supply Depot  
  13  0:24  SCV  
  14  0:45  Refinery  
  14  0:53  SCV  
  15  1:05  Barracks  
  15  1:10  SCV  
  16  1:28  SCV  
  17  1:46  SCV  
  18  2:11  Barracks Reactor  
  18  2:17  Orbital Command  
  18  2:29  Engineering Bay  
  18  2:31  Supply Depot  
  18  2:55  Command Center  
  18  3:06  SCV  
  19  3:23  SCV  
  19  3:25  Factory  
  20  3:39  Marine x2  
  22  3:48  SCV  
  23  4:05  SCV  
  24  4:22  SCV, Refinery  
  24  4:26  Factory Tech Lab  
  25  4:39  SCV  
  26  4:40  Starport  
  26  4:41  SCV  
  27  4:58  SCV  
  28  5:01  SCV  
  28  5:09  Refinery  
  29  5:18  SCV  
  29  5:19  SCV  
  31  5:31  Armory  
  31  5:35  SCV  
  31  5:36  SCV  
  33  5:40  Starport Tech Lab  
  33  5:48  Barracks  
  33  5:53  SCV  
  34  6:10  SCV  
  34  6:13  SCV  
  36  6:23  Marine x2  
  36  6:27  SCV  
  39  6:30  SCV  
  40  6:44  SCV  
  40  6:45  Barracks  
  40  6:47  SCV  
  42  6:54  Marine  
  42  6:55  Marine  
  42  6:57  Supply Depot  
  44  7:01  SCV  
  44  7:04  SCV  
  44  7:06  Refinery  
  46  7:22  Barracks Tech Lab  
  46  7:27  SCV, Marine x2, Siege Tank  
  52  7:34  Supply Depot  
  52  7:48  Bunker  
  52  7:50  Orbital Command  
  52  7:52  Marine x2  
  54  8:07  Supply Depot, Barracks Tech Lab  
  54  8:12  Siege Tank  
  54  8:16  Supply Depot  
  57  8:32  Marine  
  57  8:33  Marine  
  57  8:38  Marauder  
  57  8:39  Marauder  
  63  8:48  Missile Turret  
  63  8:49  Supply Depot  
  63  8:50  SCV  
  63  8:57  Marine  
  63  8:58  Marine  
  66  9:07  SCV  
  66  9:08  Terran Vehicle Weapons Level 1, Marauder  
  69  9:22  Marine  
  69  9:23  SCV, Marine  
  69  9:25  Structure Armor  
  69  9:26  Supply Depot  
  72  9:35  Supply Depot  
  72  9:40  Supply Depot  
  72  9:41  Medivac  
  72  9:47  Marine  
  72  9:48  Marine  
  72  10:06  Supply Depot  
  72  10:09  SCV  
  72  10:16  Marine  
  72  10:17  Marine  
  74  10:23  Medivac  
  74  10:26  SCV  
  77  10:41  Marine  
  77  10:42  Marine  
  77  10:43  SCV, Command Center  
  80  11:00  SCV  
  80  11:06  Marine  
  80  11:07  Marine  
  80  11:17  SCV  
  75  11:31  Marine  
  75  11:32  Marine  
  77  11:47  Command Center  
  67  11:51  Unknown  
Tags
 
Matchup
Co-op
Replay Pack
DaveSC2
Add a new tag
Caveats
  • Supply blocks, unpowered buildings, or Contaminate may cause inaccurate times.
  • Supply counts are checked every 10 seconds.